Map: Lightshade LE

Players

Kratoss

  • Race: Terran Terran
  • League: Diamond
  • Spawn Location: 11:00

Pumba - Winner!

  • Race: Zerg Zerg
  • League: Diamond
  • Spawn Location: 5:00

VOD

Have the link to the VOD?

Description

Time

  • Played on: Aug. 17, 2021, 5:53 p.m.
  • Length: 6:31
Show
View Real Time Build Order
Export as new Build Order

Kratoss Terran 

Build Orders: Hellion Opening 

Get SALT Encoding   

  12  0:00  SCV  
  13  0:13  SCV  
  14  0:25  Supply Depot, SCV  
  15  0:31  Refinery  
  15  0:47  SCV  
  15  0:49  Barracks  
  16  0:59  SCV  
  18  1:11  SCV  
  18  1:23  SCV  
  19  1:35  SCV  
  19  1:38  Supply Depot  
  20  1:44  Factory  
  20  1:50  Orbital Command  
  20  1:52  Barracks Reactor  
  20  2:09  Command Center  
  20  2:19  SCV  
  21  2:31  SCV  
  21  2:36  Hellion x2  
  26  2:38  Barracks Tech Lab  
  26  2:43  Refinery  
  26  2:47  Starport  
  26  2:50  SCV  
  27  2:57  Hellion  
  29  3:00  Hellion  
  31  3:07  Supply Depot  
  31  3:20  SCV  
  32  3:32  Hellion x2, Marine, SCV  
  38  3:35  Viking  
  40  3:44  Orbital Command  
  40  3:50  Marine  
  41  4:08  Marine  
  36  4:10  SCV x2  
  38  4:20  Hellion  
  38  4:21  Hellion  
  38  4:22  SCV x2  
  44  4:26  Marine  
  45  4:34  SCV  
  45  4:35  SCV  
  47  4:38  Supply Depot  
  47  4:39  Starport Reactor  
  47  4:42  Hellion x2  
  47  4:43  Marine  
  52  4:46  Armory  
  52  4:49  SCV  
  53  4:59  SCV  
  54  5:01  SCV, Marine  
  56  5:11  SCV  
  57  5:19  Marine  
  58  5:24  Supply Depot  
  58  5:28  Command Center  
  58  5:37  Command Center  
  58  5:56  Medivac x2  
  62  6:03  Barracks, Factory Tech Lab, Marine  
Show
View Real Time Build Order
Export as new Build Order

Pumba Zerg - Winner!

Build Orders: Pool First 

Get SALT Encoding   

  12  0:00  Drone  
  13  0:12  Overlord  
  13  0:18  Drone  
  14  0:31  Drone  
  14  0:32  Drone  
  16  0:38  Drone  
  17  0:44  Spawning Pool  
  17  0:49  Drone  
  17  1:11  Drone, Hatchery  
  17  1:20  Extractor  
  17  1:21  Drone  
  17  1:23  Drone  
  18  1:31  Queen  
  20  1:33  Zergling x2  
  20  1:38  Overlord  
  21  1:52  Drone  
  22  2:03  Drone  
  22  2:06  Queen  
  25  2:18  Drone  
  26  2:32  Metabolic Boost  
  26  2:33  Drone  
  26  2:34  Drone x3  
  30  2:48  Drone x5  
  30  2:51  Hatchery  
  34  3:00  Queen  
  36  3:06  Overlord  
  36  3:08  Overlord  
  36  3:25  Zergling x8  
  40  3:28  Drone x3  
  40  3:29  Drone  
  40  3:30  Overlord  
  40  3:33  Overlord  
  44  3:41  Queen  
  46  3:51  Drone  
  46  3:52  Drone  
  48  3:56  Zergling x2  
  48  3:57  Zergling x4, Roach Warren  
  50  4:15  Drone  
  51  4:20  Drone x3  
  51  4:21  Drone x6  
  60  4:30  Overlord x2  
  60  4:36  Drone x3  
  63  4:52  Drone x4  
  67  4:56  Drone x6  
  73  5:05  Overlord x2  
  73  5:06  Lair  
  73  5:10  Spore Crawler, Extractor  
  73  5:12  Extractor  
  73  5:13  Spore Crawler  
  69  5:14  Extractor  
  69  5:15  Spore Crawler, Extractor  
  69  5:16  Extractor  
  69  5:17  Overlord  
  65  5:23  Overlord x2  
  65  5:25  Roach  
  65  5:26  Roach x4  
  65  5:27  Drone  
  65  5:28  Drone x2  
  78  5:29  Drone  
  78  5:34  Drone x5  
  83  5:49  Roach x3  
  88  5:55  Roach x2  
  94  6:04  Roach x5  
Tags
 
Add a new tag
Caveats
  • Supply blocks, unpowered buildings, or Contaminate may cause inaccurate times.
  • Supply counts are checked every 10 seconds.